 Dungeon Crawl Stone Soup version 0.30.2 (webtiles) character file.

Game seed: 300799342294125641

257894 ababab the Maledictor (level 19, -12/90 HPs)
             Began as a Felid Enchanter on Apr 21, 2024.
             Was the Champion of Dithmenos.
             Mangled by Mennas
             ... wielding a +1 eudemon blade of holy wrath
              (18 damage)
             ... on level 4 of the Vaults on Apr 22, 2024.
             The game lasted 02:41:51 (55224 turns).

ababab the Maledictor (Felid Enchanter)            Turns: 55224, Time: 02:41:51

Health: -12/90     AC:  3    Str:  6    XL:     19   Next: 11%
Magic:  40/50      EV: 36    Int: 21    God:    Dithmenos [******]
Gold:   2273       SH:  0    Dex: 24    Spells: 13/53 levels left
                                        Lives:  0   Deaths: 4

rFire   . .          .
                       - Unarmed
rCold   + . .        (shield unavailable)
rNeg    . . .        (body armour unavailable)
rPois   .            (helmet unavailable)
rElec   .            (cloak unavailable)
rCorr   .            (gloves unavailable)
SInv    +            (boots unavailable)
Will    ++...        t - amulet of regeneration
Stlth   ++++++++     I - +6 ring of dexterity
HPRegen 1.15/turn    i - ring of magical power
MPRegen 0.32/turn

%: no passive effects
@: quick
A: very small, claws 1, fangs 3, see invisible, speed 1, shaggy fur 3, stealthy
paws, no weapons or thrown items, no armour, multi-lived
}: 2/15 runes: decaying, gossamer
a: Renounce Religion, Shadow Step, Shadow Form


You were on level 4 of the Vaults.
You worshipped Dithmenos.
Dithmenos was exalted by your worship.
You visited 8 branches of the dungeon, and saw 38 of its levels.
You also visited: Bailey and Ice Cave.

You collected 5252 gold pieces.
You spent 2979 gold pieces at shops.

Inventory:

Jewellery
 d - a ring of protection from cold
 e - a ring of flight
 i - a ring of magical power (right paw)
 o - the amulet "Juata" {Faith rElec rPois Str-3}
   (You took it off a deep elf zephyrmancer on level 3 of the Elven Halls)

   [amulet of faith]

   It allows you to gain divine favour quickly.
   Str:       It affects your strength (-3).
   rElec:     It insulates you from electricity.
   rPois:     It protects you from poison.
 t - an amulet of regeneration (around neck)
 C - the amulet "Pief" {Faith rN+ Will+ Int+3}
   (You took it off a deep elf master archer on level 3 of the Elven Halls)

   [amulet of faith]

   It allows you to gain divine favour quickly.
   Int:       It affects your intelligence (+3).
   rN:        It protects you from negative energy.
   Will:      It increases your willpower.
 D - a +6 ring of strength
 G - a ring of wizardry
 I - a +6 ring of dexterity (left paw)
 K - a ring of positive energy
 R - a ring of protection from cold
 S - a ring of wizardry
 T - an amulet of the acrobat
 V - a +6 ring of intelligence
 W - a ring of positive energy
 X - a ring of protection from fire
 Z - a ring of poison resistance
Wands
 k - a wand of roots (35)
 r - a wand of mindburst (9)
 s - a wand of acid (16)
 x - a wand of flame (128)
 y - a wand of polymorph (22)
 B - a wand of digging (8)
 P - a wand of paralysis (29)
Scrolls
 c - 6 scrolls of magic mapping
 g - 24 scrolls of teleportation
 l - 3 scrolls of noise
 m - 6 scrolls of amnesia
 n - 4 scrolls of fear
 w - 2 scrolls of summoning
 A - 6 scrolls of immolation
 H - a scroll of silence
 N - 6 scrolls of fog
 O - 6 scrolls of blinking
 U - 3 scrolls of poison
Potions
 a - 4 potions of invisibility
 b - 13 potions of degeneration
 f - 13 potions of curing
 h - 5 potions of cancellation
 j - 9 potions of haste
 p - 7 potions of magic
 q - 7 potions of flight
 v - 7 potions of ambrosia
 z - 3 potions of heal wounds
 E - 5 potions of berserk rage
 F - 9 potions of mutation
 J - 11 potions of might
 L - 5 potions of resistance
 M - 8 potions of brilliance
Miscellaneous
 u - a phial of floods
 Q - a lightning rod (4/4)
 Y - a condenser vane


   Skills:
 + Level 13.8 Fighting
 + Level 17.6 Dodging
 + Level 19.4 Stealth
 + Level 13.7 Unarmed Combat
 * Level 17.8 Spellcasting
 * Level 26.1 Hexes
 - Level 5.0 Summonings
 - Level 5.0 Transmutations
 - Level 4.0 Ice Magic
 - Level 7.0 Air Magic


You had 13 spell levels left.
You knew the following spells:

 Your Spells              Type           Power      Damage    Failure   Level
a - Ensorcelled Hibernat  Hex/Ice        100%       N/A       0%          2
b - Confusing Touch       Hex            91%        N/A       0%          3
c - Tukima's Dance        Hex            91%        N/A       0%          3
d - Summon Guardian Gole  Hex/Summ       71%        N/A       0%          3
e - Yara's Violent Unrav  Hex/Tmut       35%        3d14      1%          5
f - Enfeeble              Hex            45%        N/A       1%          7
g - Discord               Hex            45%        N/A       1%          8
h - Airstrike             Air            24%        2d(4-20)  1%          4
i - Summon Mana Viper     Hex/Summ       71%        N/A       1%          5

Your spell library contained the following spells:

 Spells                   Type           Power      Damage    Failure   Level
 Slow                     Hex            100%       N/A       0%          1
 Cause Fear               Hex            45%        N/A       0%          4
 Shock                    Conj/Air       100%       1d9       1%          1
 Sting                    Tmut/Pois      100%       1d8       1%          1
 Summon Small Mammal      Summ           100%       N/A       1%          1
 Cigotuvi's Dreadful Rot  Necr/Pois/Air  56%        N/A       1%          2
 Passwall                 Tmut/Erth      24%        N/A       1%          2
 Poisonous Vapours        Pois/Air       66%        N/A       1%          2
 Static Discharge         Conj/Air       66%        2-5/arc   1%          2
 Call Canine Familiar     Summ           39%        N/A       1%          3
 Dazzling Flash           Conj/Hex       100%       N/A       1%          3
 Frozen Ramparts          Ice            70%        1d11      1%          3
 Inner Flame              Hex/Fire       65%        N/A       1%          3
 Swiftness                Air            48%        N/A       1%          3
 Vhi's Electric Charge    Tloc/Air       66%        N/A       1%          3
 Anguish                  Hex/Necr       32%        N/A       1%          4
 Foxfire                  Conj/Fire      72%        2x1d7     3%          1
 Necrotise                Necr           72%        1d7       3%          1
 Spider Form              Tmut/Pois      29%        N/A       3%          3
 Blink                    Tloc           36%        N/A       4%          2
 Ignite Poison            Fire/Tmut/Pois 25%        N/A       4%          3
 Ice Form                 Ice/Tmut       37%        N/A       4%          4
 Summon Ice Beast         Ice/Summ       37%        N/A       4%          4
 Vampiric Draining        Necr           18%        2d7       9%          3
 Blade Hands              Tmut           19%        N/A       11%         5
 Arcjolt                  Conj/Air       16%        1d26      19%         5
 Freezing Cloud           Conj/Ice/Air   17%        6-21      19%         5
 Animate Dead             Necr           18%        N/A       28%         4
 Manifold Assault         Tloc           18%        N/A       28%         4
 Olgreb's Toxic Radiance  Pois           18%        N/A       28%         4
 Sticky Flame             Conj/Fire      18%        2d4       28%         4
 Alistair's Intoxication  Tmut/Pois      19%        N/A       28%         5
 Irradiate                Conj/Tmut      14%        3d16      28%         5
 Summon Forest            Summ/Tloc      14%        N/A       28%         5
 Summon Cactus Giant      Summ           19%        N/A       50%         6
 Agony                    Necr           18%        N/A       63%         5
 Borgnjor's Vile Clutch   Necr/Erth      9%         N/A       63%         5
 Plasma Beam              Fire/Air       16%        2x1d30    71%         6
 Eringya's Noxious Bog    Tmut/Pois      14%        N/A       85%         6
 Simulacrum               Ice/Necr       13%        N/A       89%         6
 Storm Form               Tmut/Air       21%        N/A       91%         7
 Dragon Form              Tmut           19%        N/A       97%         7
 Monstrous Menagerie      Summ           19%        N/A       97%         7
 Ozocubu's Refrigeration  Ice            17%        4d11      99%         7
 Haunt                    Necr/Summ      14%        N/A       100%        7
 Ignition                 Fire           9%         3d5       100%        8
 Infestation              Necr           9%         N/A       100%        8
 Maxwell's Capacitive Co  Air            24%        ∞         100%        8
 Chain Lightning          Conj/Air       16%        3d22      100%        9
 Fire Storm               Conj/Fire      9%         8d2       100%        9
 Polar Vortex             Ice            17%        N/A       100%        9
 Shatter                  Erth           9%         3d11*     100%        9
 Portal Projectile        Hex/Tloc       Unusable   N/A       N/A         3

Dungeon Overview and Level Annotations

Branches:
Dungeon (15/15)            Temple (1/1) D:7            Lair (5/5) D:10
  Swamp (4/4) Lair:2       Spider (4/4) Lair:2        Slime (0/5) Lair:5
    Orc (2/2) D:9             Elf (3/3) Orc:2        Vaults (4/5) D:13
  Crypt (0/3) Vaults:2     Depths (0/4) D:15         Bailey (visited)
  IceCv (visited)

Altars:
Ashenzari
Cheibriados
Dithmenos
Elyvilon
Fedhas
Gozag
Hepliaklqana
Kikubaaqudgha
Makhleb
Nemelex Xobeh
Okawaru
Qazlal
Ru
Sif Muna
Trog
Uskayaw
Vehumet
Wu Jian
Xom
Yredelemnul
Zin
The Shining One

Shops:
D:11 :*=!=[   Orc:1 ?   Orc:2 :?*:*   Elf:1 ?[!((   Elf:3 !   Vaults:1 *

Annotations:
D:13 exclusion: 2 statues
D:14 2 transporters, dziebel133's ghost, adept DjFE
Lair:1 1 runed translucent door, Noisytoot's ghost, novice GrCj
Vaults:4 Mennas


Innate Abilities, Weirdness & Mutations

You have sharp claws.
You have razor-sharp teeth.
You have supernaturally acute eyesight. (SInv)
You cover ground quickly. (Speed+)
Your thick and shaggy fur keeps you warm. (AC +3, rC+)
Your paws help you pounce on unaware monsters.
You are incapable of wielding weapons or throwing items.
You cannot wear armour.
You gain extra lives every three experience levels.


Message History

Mennas blocks your large slime creature's attack.
Mennas blocks your deep troll's attack.
Your deep troll misses Mennas. x2
Mennas hits you with a +1 eudemon blade of holy wrath!
You emit a cloud of dark smoke.
Mennas misses you. Mennas attacks as you move away! Mennas closely misses you.
Mennas completely misses you.
Mennas blocks your deep troll's attack. x2
Your deep troll barely misses Mennas.
Your large slime creature completely misses Mennas.
What are your orders?
Orders for allies: a - Attack new target. p - Attack previous target. r - Retreat! s - Stop attacking. g - Guard the area. f - Follow me.
Anything else - Cancel.
Gang up on whom?
Press: ? - help, Dir - move target, f/p - Mennas
Aim: Mennas, wielding a +1 eudemon blade of holy wrath and wearing a +0 tower shield (black smoke, silenced, lightly wounded, radiating silence, weak, ally target, magic disrupted) Attack!
Mennas's magic is no longer disrupted.
Mennas is no longer weakened.
Mennas hits you with a +1 eudemon blade of holy wrath!!
Mennas barely misses you.
Mennas blocks your ironbound preserver's attack.
Mennas blocks your deep troll's attack. x2
Your deep troll closely misses Mennas.
A large slime creature splits.
Mennas attacks as you move away!
Mennas hits you with a +1 eudemon blade of holy wrath!!
Mennas completely misses you.
Mennas becomes audible again.
Mennas attacks as you move away!
Mennas hits you with a +1 eudemon blade of holy wrath!
* * * LOW HITPOINT WARNING * * *
Mennas completely misses you. Mennas barely misses you.
Mennas hits you with a +1 eudemon blade of holy wrath!
* * * LOW HITPOINT WARNING * * *
Casting: Enfeeble (mildly dangerous; 1% risk of failure)
Confirm with . or Enter, or press ? or * to list all spells.
Aiming: Enfeeble (mildly dangerous; 1% risk of failure)
Press: ? - help, Shift-Dir - straight line, f/p - Mennas
Aim: Mennas, wielding a +1 eudemon blade of holy wrath and wearing a +0 tower shield (black smoke, lightly wounded, ally target, will inflict weakness and antimagic, chance to daze and blind: 20%) Mennas partially resists.
Mennas is enfeebled!
Mennas blocks your slime creature's attack.
Mennas hits you with a +1 eudemon blade of holy wrath!!
You die...

#################################
.................................
.............§§§§§...........?...
...........§§§§§§§...............
...........§§§§§.§......#########
............T§§§.§......#........
...........§p§JA@.......#........
..........§§§H.T........#...>....
..........§§H§..........#........
........^.§§§...........#........
.........§§§.§..........'........
.################.....(.#...)....
.'..............#..#######''##'##
.#..).))....)...#..# ##.......#
.#...........)..#..# ##.......##


You could see Mennas (weak, ally target, magic disrupted), a friendly sphinx
(summoned), a friendly slime creature (summoned) and a friendly deep troll
(summoned).

Vanquished Creatures
  the Lernaean hydra (Swamp:4)
  A golden dragon (Vaults:1)
  The ghost of Hiaxe the Warrior, an adept DrTm of Ru (Vaults:1)
  The ghost of ratatoskos the Geomancer, an adept HuCA of Lugonu (Swamp:3)
  4 deep elf blademasters (Elf:3)
  Asterion (Spider:1)
  3 deep elf master archers (Elf:3)
  A sphinx (Vaults:4)
  The ghost of bimbombam the Warrior, an adept MiFi of Okawaru (Elf:1)
  A thorn hunter (Swamp:4)
  2 shadow dragons
  A fire giant (Vaults:4)
  6 emperor scorpions
  Louise (Spider:1)
  8 deep elf sorcerers
  4 vault wardens
  Aizul (Swamp:3)
  7 broodmothers
  6 deep elf elementalists (Elf:3)
  3 ironbound preservers
  2 very ugly things
  A war gargoyle (Vaults:3)
  4 deep elf demonologists
  5 eleionomae
  2 dire elephants
  2 bunyips (Swamp:2)
  A spark wasp (Spider:1)
  5 deep elf annihilators (Elf:3)
  2 ettins
  A crystal guardian (Vaults:3)
  2 yaktaur captains
  3 entropy weavers
  A deep elf death mage (Elf:3)
  A fire dragon (Lair:5)
  2 deep elf high priests (Elf:3)
  3 great orbs of eyes
  17 hydras
  5 ironbound frosthearts
  A vault guard (Vaults:4)
  A jorogumo (Spider:1)
  3 alligators (Swamp:3)
  3 ghost crabs
  A catoblepas (D:13)
  3 ogre magi (Orc:2)
  13 two-headed ogres
  7 centaur warriors
  4 radroaches
  26 dancing weapons
  5 boulder beetles
  An orc high priest (Orc:1)
  4 tengu warriors
  2 spriggan berserkers (Swamp:4)
  A hell knight (Vaults:4)
  Sonja (Lair:5)
  8 deep elf knights
  Amaemon (Lair:2)
  4 spriggans
  2 pharaoh ants
  2 skeletal warriors
  6 goliath frogs
  A fire crab (Lair:5)
  A skyshark (Lair:5)
  14 deep trolls
  A spriggan druid (Swamp:2)
  A flayed ghost (D:12)
  7 orb spiders
  4 steelbarb worms
  6 bog bodies
  7 deep elf archers
  A harpy (Vaults:1)
  3 ironbound convokers
  3 wizards
  7 swamp dragons
  17 deep elf zephyrmancers
  2 orc sorcerers (Orc:1)
  18 ugly things
  19 deep elf pyromancers
  A lindwurm (Lair:2)
  3 orc knights
  17 wolf spiders
  8 cyclopes
  6 manticores
  A salamander (D:15)
  3 will-o-the-wisps
  A moth of wrath (Spider:1)
  A moth of wrath (shapeshifter) (D:15)
  6 black mambas
  4 demonic crawlers
  4 elephants (Lair:4)
  8 vault sentinels
  An ice statue (IceCv)
  3 gargoyles
  A molten gargoyle (Lair:5)
  11 cane toads
  4 unseen horrors
  3 torpor snails
  3 rime drakes
  13 komodo dragons
  4 yaktaurs
  3 tengu conjurers
  An anaconda simulacrum (IceCv)
  A kobold demonologist (D:11)
  2 freezing wraiths
  A komodo dragon (shapeshifter) (D:15)
  7 trolls
  9 meliai
  A wolf spider simulacrum (D:15)
  5 tyrant leeches
  A bloated husk (Swamp:1)
  2 polar bears
  2 trolls (shapeshifter)
  11 tarantellas
  5 hornets
  5 blink frogs (Lair:3)
  30 slime creatures
  4 air elementals
  10 jumping spiders
  A dire elephant simulacrum (IceCv)
  2 shadows
  12 culicivoras
  3 wraiths
  A vampire (D:12)
  9 wyverns
  3 water elementals
  3 fire elementals
  36 yaks
  8 basilisks
  3 steam dragons
  A hog (shapeshifter) (D:15)
  3 death yak simulacra (IceCv)
  25 redbacks
  17 vampire mosquitoes
  2 harpy simulacra
  Edmund (D:4)
  A warg (Orc:1)
  7 swamp worms
  4 acid dragons
  5 hell hounds (Lair:5)
  5 swamp drakes (Swamp:4)
  14 water moccasins
  A hydra simulacrum (IceCv)
  16 orc warriors
  13 boggarts
  17 ogres
  3 black bears
  3 centaurs
  23 wolves
  A phantom (D:5)
  3 kobold brigands
  Blork the orc (D:4)
  7 bullfrogs
  A cane toad simulacrum (Lair:3)
  3 earth elementals
  7 scorpions
  A wight (D:7)
  9 two-headed ogre simulacra
  15 killer bees
  2 elephant simulacra (IceCv)
  3 electric eels
  5 howler monkeys
  5 lava snakes (Lair:5)
  5 hounds
  11 orc priests
  A gnoll bouda (D:8)
  A jelly (D:5)
  4 hell rats
  3 iguanas
  29 orc wizards
  3 polar bear simulacra (IceCv)
  7 spriggan simulacra
  3 troll simulacra (IceCv)
  3 wolf simulacra (IceCv)
  9 adders
  3 gnolls (D:8)
  6 naga simulacra (IceCv)
  3 shadow imps
  9 white imps
  6 ufetubi
  2 worms
  2 dart slugs
  84 orcs
  4 ball pythons
  3 bats
  5 endoplasms
  8 goblins
  10 hobgoblins
  2 jackals
  23 kobolds
  4 quokkas
  2 frilled lizards
  5 rats
1095 creatures vanquished.

Vanquished Creatures (collateral kills)
  Frederick (Vaults:4)
  Margery (Vaults:4)
  A deep elf master archer (Elf:3)
  A deep elf sorcerer (Elf:3)
  A vault warden (Vaults:4)
  4 emperor scorpions
  7 ironbound preservers
  A deep elf elementalist (Elf:3)
  2 broodmothers
  9 very ugly things
  An ironbound thunderhulk (Vaults:2)
  3 deep elf annihilators
  3 dire elephants
  A crystal guardian (Vaults:3)
  An ettin (D:14)
  2 entropy weavers
  A deep elf high priest (Elf:3)
  3 peacekeepers (Vaults:3)
  2 yaktaur captains
  2 great orbs of eyes
  2 hydras (Swamp:4)
  A vault guard (Vaults:4)
  2 ogre magi
  An ironbound frostheart (Vaults:4)
  5 two-headed ogres
  4 alligators
  7 centaur warriors
  An orc high priest (Elf:2)
  A spriggan berserker (D:14)
  3 hell knights (Vaults:4)
  A skeletal warrior (D:14)
  A pharaoh ant (Spider:4)
  2 goliath frogs
  8 swamp dragons
  A bog body (Swamp:3)
  13 deep trolls
  A glowing orange brain (Vaults:2)
  3 orb spiders
  4 wizards
  An obsidian statue (Spider:1)
  3 ironbound convokers
  A spriggan druid (Swamp:4)
  A steelbarb worm (Spider:4)
  5 deep elf pyromancers
  4 deep elf zephyrmancers (Elf:1)
  A necromancer (Vaults:4)
  6 harpies
  13 ugly things
  An orc sorcerer (Elf:2)
  9 wolf spiders
  2 will-o-the-wisps (Swamp:2)
  4 moths of wrath
  3 vault sentinels
  A cyclops (D:15)
  A molten gargoyle (Lair:5)
  A demonic crawler (Spider:2)
  2 torpor snails (Spider:4)
  16 yaktaurs
  2 tyrant leeches (Swamp:3)
  18 tarantellas
  6 meliai
  3 hornets
  7 culicivoras
  16 slime creatures
  3 spriggans
  12 jumping spiders
  A water elemental (Elf:2)
  20 redbacks
  5 vampire mosquitoes
  4 swamp worms
  5 orc warriors
  4 swamp drakes
  11 ogres
  A centaur (D:12)
  2 wights (D:7)
  3 orc priests
  5 orc wizards
  30 orcs
  2 kobolds (D:10)
343 creatures vanquished.

Vanquished Creatures (others)
  A sphinx (Vaults:3)
  2 emperor scorpions
  2 vault wardens
  A broodmother (Spider:4)
  An ironbound preserver (Vaults:3)
  2 ironbound thunderhulks (Vaults:3)
  A very ugly thing (Vaults:3)
  A dire elephant (Vaults:1)
  3 entropy weavers (Spider:1)
  2 ghost crabs (Swamp:1)
  A centaur warrior (Vaults:2)
  A two-headed ogre (D:15)
  A death yak (Lair:3)
  2 alligators (Swamp:3)
  2 hell knights (Vaults:4)
  2 deep elf knights (Elf:1)
  A skeletal warrior (D:14)
  A goliath frog (Swamp:3)
  4 swamp dragons
  3 deep trolls
  An orb spider (Spider:3)
  2 deep elf pyromancers (Elf:1)
  A harpy (Vaults:3)
  3 deep elf zephyrmancers (Elf:1)
  3 ugly things
  6 wolf spiders
  A vault sentinel (Vaults:3)
  4 slime creatures (Vaults:3)
  An orange demon (Lair:2)
  18 dancing weapons
  2 komodo dragons (Lair:5)
  2 rime drakes (Lair:3)
  6 yaktaurs
  An ice devil (Lair:3)
  2 bloated husks (Swamp:2)
  A meliai (Spider:4)
  2 tyrant leeches
  4 tarantellas
  A jumping spider (Spider:3)
  3 culicivoras
  2 redbacks
  A death yak simulacrum (Lair:3)
  A steam dragon (Lair:5)
  2 vampire mosquitoes
  8 wolves
  An elephant simulacrum (IceCv)
  A howler monkey (D:11)
  A spriggan simulacrum (IceCv)
  An ufetubus (IceCv)
  A kobold (D:11)
  16 foxfires
133 creatures vanquished.

Grand Total: 1571 creatures vanquished

Notes
Turn   | Place    | Note
-------+----------+-------------------------------------------
     0 | D:1      | ababab the Felid Enchanter began the quest for the Orb.
     0 | D:1      | Reached XP level 1. HP: 7/7 MP: 4/4
   208 | D:1      | Reached XP level 2. HP: 12/12 MP: 6/6
   215 | D:1      | Learned a level 2 spell: Ensorcelled Hibernation
   530 | D:2      | Reached skill level 1 in Fighting
   530 | D:2      | Reached XP level 3. HP: 8/15 MP: 4/7
   556 | D:1      | Learned a level 3 spell: Confusing Touch
  1178 | D:3      | Reached XP level 4. HP: 19/19 MP: 6/9
  1182 | D:3      | Learned a level 3 spell: Tukima's Dance
  1714 | D:3      | Found a white marble altar of Elyvilon.
  2088 | D:4      | Noticed Edmund
  2103 | D:4      | Killed Edmund
  2104 | D:4      | Reached skill level 5 in Stealth
  2104 | D:4      | Reached skill level 5 in Hexes
  2104 | D:4      | Reached XP level 5. HP: 22/22 MP: 4/11
  2583 | D:4      | Found a hazy altar of Hepliaklqana.
  2592 | D:4      | Noticed Blork the orc
  2599 | D:4      | Killed Blork the orc
  2600 | D:4      | Gained mutation: You are covered in thick fur. (AC +2)
                  | [Felid growth]
  2600 | D:4      | Reached XP level 6. HP: 19/26 MP: 7/12
  2606 | D:4      | Learned a level 3 spell: Summon Guardian Golem
  2719 | D:5      | Entered Level 5 of the Dungeon
  3061 | D:5      | Noticed a water moccasin
  3097 | D:5      | Killed a water moccasin
  3098 | D:5      | Reached skill level 6 in Hexes
  3098 | D:5      | Reached XP level 7. HP: 30/30 MP: 10/14
  3530 | D:5      | Reached skill level 7 in Hexes
  3697 | D:5      | Reached skill level 5 in Dodging
  3697 | D:5      | Reached XP level 8. HP: 34/34 MP: 16/16
  3789 | D:5      | Reached skill level 5 in Spellcasting
  4109 | D:6      | Found a sacrificial altar of Ru.
  4221 | D:6      | Reached skill level 8 in Hexes
  4521 | D:6      | Found a runed translucent door.
  4857 | D:6      | Reached XP level 9. HP: 29/39 MP: 18/18
  5030 | D:6      | Reached skill level 9 in Hexes
  5863 | D:7      | Found a staircase to the Ecumenical Temple.
  5968 | Temple   | Entered the Ecumenical Temple
  5968 | Temple   | Found a transporter.
  5968 | Temple   | Found a transporter.
  5970 | Temple   | Found a transporter.
  5970 | Temple   | Found a transporter.
  6199 | D:7      | Reached skill level 10 in Hexes
  6962 | D:8      | Found a hide-covered altar of Uskayaw.
  7032 | D:8      | Reached skill level 5 in Unarmed Combat
  7119 | D:8      | Reached skill level 5 in Fighting
  7202 | D:8      | Reached XP level 10. HP: 25/44 MP: 19/21
  7330 | D:8      | Found a blossoming altar of Fedhas.
  7330 | D:8      | Found a radiant altar of Vehumet.
  7331 | D:8      | Found an ancient bone altar of Kikubaaqudgha.
  7438 | D:8      | Found a burning altar of Makhleb.
  7576 | D:9      | Paralysed by a hornet for 1 turns
  7615 | D:8      | Reached skill level 11 in Hexes
  7618 | D:8      | HP: 2/44 [killer bee (4)]
  8260 | D:9      | Found a staircase to the Orcish Mines.
  8451 | D:9      | Noticed a white ugly thing
  8451 | D:9      | Noticed a manticore
  8451 | D:9      | Noticed a tengu warrior
  8637 | D:9      | Killed a tengu warrior
  8638 | D:9      | Reached skill level 12 in Hexes
  8946 | D:9      | Killed a manticore
  9097 | D:9      | Killed a white ugly thing
  9148 | D:9      | Noticed a cyclops
  9183 | D:9      | Killed a cyclops
  9184 | D:9      | Reached XP level 11. HP: 19/48 MP: 19/24
  9247 | D:9      | Identified the staff of death "Cazecok" {rF- rC+ rN+ Str+2}
  9307 | D:10     | Entered Level 10 of the Dungeon
  9559 | D:10     | Found a shadowy altar of Dithmenos.
  9578 | D:10     | Became a worshipper of Dithmenos the Shadowed
  9681 | D:10     | Found a flagged portal.
  9701 | Bailey   | Entered a bailey
  9708 | Bailey   | Learned a level 5 spell: Yara's Violent Unravelling
  9716 | Bailey   | Learned a level 7 spell: Enfeeble
 10078 | Bailey   | Noticed an orc knight
 10083 | Bailey   | Noticed an orc knight
 10111 | Bailey   | Killed an orc knight
 10337 | Bailey   | Killed an orc knight
 10473 | D:10     | Noticed a cyan ugly thing
 10482 | D:10     | Reached skill level 13 in Hexes
 10485 | D:10     | Slain by a cyan ugly thing
 10486 | D:10     | Reached XP level 10. HP: -4/45 MP: 30/32
 10620 | D:10     | Noticed a two-headed ogre
 10675 | D:10     | Killed a cyan ugly thing
 10676 | D:10     | Reached skill level 10 in Stealth
 10696 | D:10     | Killed a two-headed ogre
 10741 | D:10     | Found a staircase to the Lair.
 10791 | D:10     | Reached * piety under Dithmenos
 11153 | Lair:1   | Entered Level 1 of the Lair of Beasts
 11252 | Lair:1   | Reached XP level 11. HP: 49/49 MP: 25/25
 11394 | Lair:1   | Reached skill level 1 in Summonings
 11394 | Lair:1   | Reached skill level 1 in Transmutations
 11899 | Lair:1   | Found a runed translucent door.
 11901 | Lair:1   | Noticed Noisytoot's ghost (novice GrCj)
 11905 | Lair:1   | Identified the +0 trident of the Four Lovers {drain, Will+
                  | Str+4 SInv}
 12100 | Lair:2   | Reached skill level 14 in Hexes
 12149 | Lair:2   | Reached ** piety under Dithmenos
 12273 | Lair:2   | Found a hole to the Spider Nest.
 12343 | Lair:2   | Noticed Amaemon
 12400 | Lair:2   | Noticed an eight-headed hydra
 12461 | Lair:2   | Killed an eight-headed hydra
 12498 | Lair:2   | Noticed an eight-headed hydra
 12528 | Lair:2   | Killed an eight-headed hydra
 12549 | Lair:2   | Found a staircase to the Swamp.
 12630 | Lair:2   | Killed Amaemon
 12744 | Lair:2   | Noticed a lindwurm
 12752 | Lair:2   | Killed a lindwurm
 12773 | Lair:2   | Noticed an eight-headed hydra
 12825 | Lair:2   | Reached skill level 1 in Ice Magic
 13270 | Lair:2   | Gained mutation: Your thick and shaggy fur keeps you warm.
                  | (AC +3, rC+) [Felid growth]
 13270 | Lair:2   | Reached XP level 12. HP: 42/52 MP: 26/26
 13288 | Lair:2   | Killed an eight-headed hydra
 13642 | Lair:3   | Reached skill level 10 in Spellcasting
 13660 | Lair:3   | Reached skill level 10 in Dodging
 13660 | Lair:3   | Reached skill level 15 in Hexes
 14198 | Lair:3   | Reached *** piety under Dithmenos
 14364 | Lair:3   | Noticed a death yak
 14533 | Lair:3   | Killed a death yak
 14759 | Lair:4   | Noticed a six-headed hydra
 15144 | Lair:4   | Killed a six-headed hydra
 15225 | Lair:4   | Reached **** piety under Dithmenos
 15373 | Lair:4   | Reached XP level 13. HP: 58/58 MP: 28/28
 15780 | Lair:5   | Entered Level 5 of the Lair of Beasts
 15815 | Lair:5   | Noticed Sonja
 15960 | Lair:5   | Killed Sonja
 15961 | Lair:5   | Reached skill level 16 in Hexes
 15980 | Lair:5   | Found a staircase to the Slime Pits.
 16201 | Lair:5   | Found a large runed translucent door.
 16201 | Lair:5   | Noticed a fire dragon
 17088 | Lair:5   | Found a large runed translucent door.
 17148 | Lair:5   | Killed a fire dragon
 17608 | D:11     | Found Viamo's Armour Boutique.
 17704 | D:11     | Reached skill level 5 in Transmutations
 17769 | D:11     | Reached skill level 5 in Summonings
 17938 | D:11     | Reached ***** piety under Dithmenos
 18186 | Orc:1    | Entered Level 1 of the Orcish Mines
 18754 | Orc:1    | Found Ozouteom's Magic Scroll Shop.
 18989 | Orc:1    | Bought a scroll of teleportation for 48 gold pieces
 18989 | Orc:1    | Bought a scroll of identify for 32 gold pieces
 18989 | Orc:1    | Bought a scroll of identify for 32 gold pieces
 18989 | Orc:1    | Bought a scroll of teleportation for 48 gold pieces
 18989 | Orc:1    | Bought a scroll of teleportation for 48 gold pieces
 19014 | Orc:2    | Entered Level 2 of the Orcish Mines
 19034 | Orc:2    | Found a staircase to the Elven Halls.
 19137 | Orc:2    | Found Zikinul's Assorted Antiques.
 19286 | Orc:2    | Reached XP level 14. HP: 63/63 MP: 19/30
 19293 | Orc:2    | Reached skill level 17 in Hexes
 19495 | Orc:2    | Bought a scroll labelled MOHEKE UCEURPHAO for 25 gold
                  | pieces
 20511 | Orc:2    | Found Jadd's Assorted Antiques.
 20511 | Orc:2    | Found Vicuim's Book Emporium.
 20512 | Orc:2    | Found Jaal's Book Shoppe.
 20512 | Orc:2    | Found Havocum's Magic Scroll Boutique.
 20572 | Orc:2    | Bought the Unrestrained Analects for 644 gold pieces
 20937 | Orc:2    | Learned a level 8 spell: Discord
 20949 | Orc:2    | Bought a scroll of magic mapping for 105 gold pieces
 20949 | Orc:2    | Bought a scroll of amnesia for 56 gold pieces
 20949 | Orc:2    | Bought a scroll of summoning for 133 gold pieces
 20949 | Orc:2    | Bought a scroll of teleportation for 42 gold pieces
 20949 | Orc:2    | Bought a scroll of blinking for 105 gold pieces
 20949 | Orc:2    | Bought a scroll of teleportation for 42 gold pieces
 20950 | Orc:2    | Bought a scroll of teleportation for 117 gold pieces
 20956 | Orc:2    | Identified a scroll of acquirement
 20957 | Orc:2    | Acquired a ring of flight
 21306 | D:11     | Found Luneote's Jewellery Emporium.
 21821 | D:11     | Found Mitoty's Assorted Antiques.
 21826 | D:11     | Found Peeni's Book Boutique.
 21826 | D:11     | Found Gunwonkosa's Distillery.
 21828 | D:11     | Found Zyulo Reul's Jewellery Shoppe.
 21932 | D:11     | Bought a potion of invisibility for 136 gold pieces
 21932 | D:11     | Bought a potion of heal wounds for 85 gold pieces
 21932 | D:11     | Bought a potion of curing for 51 gold pieces
 21932 | D:11     | Bought a potion of haste for 170 gold pieces
 22324 | D:12     | You fall into a shaft and drop 1 floor!
 22352 | D:12     | Reached ****** piety under Dithmenos
 22445 | D:12     | Found a frozen archway.
 22454 | IceCv    | Entered an ice cave
 22541 | IceCv    | Reached skill level 18 in Hexes
 24321 | D:12     | Identified the +3 scale mail of Impermeability {Drain rPois
                  | Str+3 Dex-2}
 25051 | D:12     | Reached XP level 15. HP: 68/68 MP: 32/32
 25739 | D:13     | Found a gate to the Vaults.
 26162 | D:14     | Reached skill level 19 in Hexes
 26601 | D:14     | Found a transporter.
 26601 | D:14     | Noticed dziebel133's ghost (adept DjFE)
 26609 | D:14     | Found a transporter.
 26684 | D:14     | Identified the +5 great mace of Collusion {spect, *Corrode
                  | rF++ rC+}
 26966 | D:14     | Found the +12 pair of quick blades "Gyre" and "Gimble"
                  | {protect}
 27015 | D:15     | Entered Level 15 of the Dungeon
 27057 | D:15     | Reached skill level 10 in Fighting
 27129 | D:15     | Reached skill level 10 in Unarmed Combat
 27363 | D:15     | Found a broken altar of Ashenzari.
 27532 | D:15     | Identified the +3 ring mail of Enka {rN+ rCorr}
 27749 | D:15     | Learned a level 4 spell: Airstrike
 27910 | D:15     | Found a staircase to the Depths.
 28310 | Spider:1 | Entered Level 1 of the Spider Nest
 28383 | Lair:2   | Reached skill level 1 in Air Magic
 28683 | Spider:1 | Noticed Louise
 28685 | Spider:1 | Killed Louise
 28898 | Spider:1 | Reached XP level 16. HP: 73/73 MP: 34/34
 29151 | Spider:1 | Noticed Asterion
 29177 | Spider:1 | Killed Asterion
 29190 | Spider:1 | Reached skill level 20 in Hexes
 29411 | Spider:1 | Reached skill level 15 in Stealth
 30990 | Spider:2 | You fall into a shaft and drop 1 floor!
 32302 | Spider:3 | Reached skill level 5 in Air Magic
 32873 | Spider:4 | Entered Level 4 of the Spider Nest
 32895 | Spider:4 | Reached skill level 21 in Hexes
 32907 | Spider:4 | Reached XP level 17. HP: 41/78 MP: 32/36
 34194 | Spider:4 | Acquired a book of the Wilderness
 34202 | Spider:4 | Learned a level 5 spell: Summon Mana Viper
 34250 | Spider:4 | Got a gossamer rune of Zot
 34261 | Spider:4 | Reached XP level 18. HP: 82/82 MP: 37/37
 34751 | Vaults:1 | Entered Level 1 of the Vaults
 34879 | Vaults:1 | Found Lajetoat's Assorted Antiques.
 35719 | Vaults:1 | Noticed a golden dragon
 35720 | Vaults:1 | Found a runed translucent door.
 35720 | Vaults:1 | Noticed Hiaxe's ghost (adept DrTm)
 35761 | Vaults:1 | Killed Hiaxe's ghost
 36371 | Vaults:2 | Reached skill level 22 in Hexes
 36424 | Vaults:2 | Found a staircase to the Crypt.
 36424 | Vaults:2 | Found an ancient bone altar of Kikubaaqudgha.
 36425 | Vaults:2 | Found a basalt altar of Yredelemnul.
 36462 | Vaults:2 | You fall into a shaft and drop 2 floors!
 36629 | Vaults:4 | Noticed Mennas
 36856 | Vaults:4 | Noticed Margery
 36858 | Vaults:4 | Reached skill level 15 in Spellcasting
 36861 | Vaults:4 | Killed Margery
 37065 | Vaults:4 | Reached skill level 15 in Dodging
 37485 | Vaults:3 | Annihilated by a war gargoyle
 37486 | Vaults:3 | Reached XP level 17. HP: -30/79 MP: 35/46
 37616 | Vaults:3 | Reached XP level 18. HP: 84/84 MP: 38/38
 38226 | Vaults:2 | Reached skill level 23 in Hexes
 39187 | Elf:1    | Entered Level 1 of the Elven Halls
 39596 | Elf:1    | Noticed bimbombam's ghost (adept MiFi)
 39622 | Elf:1    | Found a runed translucent door.
 39923 | Elf:1    | Killed bimbombam's ghost
 39972 | Elf:1    | Found Kanupec's Antique Weapon Shop.
 39972 | Elf:1    | Found Loliv's Antique Armour Boutique.
 39975 | Elf:1    | Found Felutil's Distillery.
 39981 | Elf:1    | Found Baparphu's Weapon Shop.
 40127 | Elf:1    | Bought a potion of heal wounds for 60 gold pieces
 40127 | Elf:1    | Bought a potion of curing for 36 gold pieces
 40127 | Elf:1    | Bought a potion of heal wounds for 60 gold pieces
 40127 | Elf:1    | Bought a potion of haste for 120 gold pieces
 40127 | Elf:1    | Bought a potion of magic for 96 gold pieces
 40941 | Elf:1    | Got the Elucidation of Violence and the Band
 41055 | Elf:1    | Found Cuozenio's Magic Scroll Shoppe.
 41061 | Elf:1    | Bought a scroll of magic mapping for 97 gold pieces
 41061 | Elf:1    | Bought a scroll of blinking for 97 gold pieces
 41061 | Elf:1    | Bought a scroll of magic mapping for 97 gold pieces
 41061 | Elf:1    | Bought a scroll of teleportation for 39 gold pieces
 41061 | Elf:1    | Bought a scroll of teleportation for 39 gold pieces
 41061 | Elf:1    | Bought a scroll of teleportation for 39 gold pieces
 41691 | Elf:2    | Found a huge runed translucent gate.
 41691 | Elf:2    | Found a huge runed translucent gate.
 41691 | Elf:2    | Found a huge runed translucent gate.
 41691 | Elf:2    | Found a huge runed translucent gate.
 41691 | Elf:2    | Found a huge runed translucent gate.
 42037 | Elf:2    | Paralysed by an air elemental for 1 turns
 42698 | Elf:2    | Reached XP level 19. HP: 88/88 MP: 40/40
 42781 | Elf:2    | Reached skill level 24 in Hexes
 43157 | Elf:3    | Entered Level 3 of the Elven Halls
 43390 | Elf:3    | Paralysed by an air elemental for 1 turns
 43629 | Elf:3    | Found Vocwo's Distillery.
 43634 | Elf:3    | Bought a potion of heal wounds for 70 gold pieces
 43634 | Elf:3    | Bought a potion of heal wounds for 70 gold pieces
 43634 | Elf:3    | Bought a potion of heal wounds for 70 gold pieces
 43634 | Elf:3    | Bought a potion of heal wounds for 70 gold pieces
 44480 | Elf:3    | HP: 1/88 [deep elf annihilator/poison arrow (43)]
 44481 | Elf:3    | Succumbed to a deep elf annihilator's poison arrow
 44482 | Elf:3    | Reached XP level 18. HP: -3/85 MP: 28/48
 45182 | Elf:3    | Identified the +3 plate armour of the Big Bang {rF- rN+
                  | Int+4}
 45200 | Elf:3    | Identified the amulet "Juata" {Faith rElec rPois Str-3}
 45248 | Elf:3    | Identified the +7 dagger "Lowo" {venom, Int+3}
 45394 | Elf:3    | Noticed a Tzitzimitl
 45407 | Elf:3    | Identified the +8 glaive "Coarin" {freeze, Will+ Int+2}
 45747 | Elf:3    | Identified the amulet "Pief" {Faith rN+ Will+ Int+3}
 45860 | Elf:3    | Identified the +7 chain mail of Fuusett {Dex+2}
 46511 | Swamp:1  | Entered Level 1 of the Swamp
 48553 | Swamp:3  | Found a transporter.
 48563 | Swamp:3  | Found a transporter.
 48566 | Swamp:3  | Noticed ratatoskos's ghost (adept HuCA)
 48574 | Swamp:3  | Reached skill level 25 in Hexes
 48859 | Swamp:3  | Noticed Aizul
 48866 | Swamp:3  | Killed Aizul
 48987 | Swamp:3  | Reached XP level 19. HP: 89/89 MP: 37/41
 49684 | Swamp:3  | Identified the +4 hat of the Farrier {rPois Str+3 Stlth-}
 49722 | Swamp:3  | Killed ratatoskos's ghost
 49870 | Swamp:4  | Entered Level 4 of the Swamp
 50506 | Swamp:4  | Killed from afar by a thorn hunter
 50507 | Swamp:4  | Reached XP level 18. HP: -2/85 MP: 30/40
 51179 | Swamp:4  | Noticed the 27-headed Lernaean hydra
 51210 | Swamp:4  | Killed the 27-headed Lernaean hydra
 51959 | Swamp:4  | Got a decaying rune of Zot
 52361 | Vaults:1 | Killed a golden dragon
 54284 | Vaults:4 | Reached skill level 26 in Hexes
 54492 | Vaults:4 | Reached XP level 19. HP: 78/82 MP: 41/41
 54642 | Vaults:4 | Noticed Frederick
 54657 | Vaults:4 | Killed Frederick
 55224 | Vaults:4 | Mangled by Mennas

Illustrated notes

Levels and vault maps discovered:
D:1:      zaba_arrival_water, layout_rooms, minmay_splitting_lines
D:2:      layout_basic
D:3:      layout_basic, mainiacjoe_overflow_concentric_impassable
D:4:      layout_basic, lemuel_doored_altar, serial_corexii_hall,
          corexii_hall_statues_x, corexii_hall_statues_x,
          corexii_hall_statues_i, eino_tiny_chamber, interstate_on_off,
          uniq_edmund, uniq_blork_the_orc
D:5:      layout_loops_ring
D:6:      hangedman_cross_stitches, layout_basic,
          mainiacjoe_overflow_small_starburst, lightli_church_of_beogh
D:7:      layout_layer_cave, temple_green, grunt_decor_resistance
D:8:      layout_cave_pools, gammafunk_temple_overflow_claw,
          mainiacjoe_overflow_catwalk_spiral
D:9:      minmay_shrinking_squares, layout_cave_pools, hiddenorc2_lemuel,
          hangedman_glass_teeth
D:10:     layout_basic, mainiacjoe_overflow_catwalk, hellmonk_lair_entry_icy,
          enter_bailey_2, hex_intersection
D:11:     cheibrodos_fzero, layout_long_grid, serial_shops,
          nicolae_shop_gaudy_bauble, nicolae_shop_back_alley_shop, minivault_19,
          chequers_serial_rivers_large_b, kennysheep_decorative_pillar,
          nicolae_wooded_promenade
D:12:     minmay_connected_boxes_in_corner, layout_basic,
          portal_ice_cave_entry_pillars_2
D:13:     layout_big_octagon, skrybe_vaults_entry_preservation,
          minmay_dual_archer_statues
D:14:     layout_cave_pods, minivault_23, gammafunk_ghost_arena,
          hellmonk_guarded_unrand_gyre_and_gimble
D:15:     hangedman_depths_entry_try_elsewhere_first, layout_stronghold,
          ashenzari_conservatory_becter
Temple:   hellmonk_temple_divided_pantheon
Lair:1:   layout_gridlike, ebering_ghost_funeral_grove
Lair:2:   layout_gridlike, palyth_hydra_swamp_entry, dummy_spider_entry,
          serial_bayou_pond_e, uniq_amaemon
Lair:3:   dreamdust_isle_of_ice, layout_regular_city, grunt_megastairs_1
Lair:4:   layout_regular_city, nicolae_lair_run_with_the_wolves,
          lemuel_fruit_tree
Lair:5:   cheibrodos_lair_end_hotspot, layout_loops_ring, slime_entry_1,
          chequers_serial_rivers_small_b, bh_autumn_forest_stairs, uniq_sonja
Swamp:1:  layout_falls_marsh, serial_swamp_ruin, evilmike_swamp_ruin_house_5,
          evilmike_swamp_ruin_house_4, evilmike_swamp_ruin_rubble_2,
          swamp_pool1, nicolae_swamp_dense_foliage, infiniplex_staircase_pool
Swamp:2:  layout_falls_marsh, hangedman_swamp_ruin_hall
Swamp:3:  layout_basic_swamp, gammafunk_ghost_berserking_beasts,
          evilmike_swamp_ruin_wall, uniq_aizul
Swamp:4:  swamp_old_school, layout_basic_swamp
Spider:1: spider_temple_joshua, uniq_louise, uniq_asterion
Spider:2: layout_spider_delve, nicolae_spider_scorpion_nest
Spider:3: layout_cave_pods
Spider:4: hellmonk_spider_rune_endless_swarm, nicolae_orb_stairs
Orc:1:    layout_diamond_mine, basic_altar, serial_shops, nicolae_shop_rolled_up
Orc:2:    st_orc_ogre_mass, layout_caves, basic_altar, serial_shops, shop
Elf:1:    minmay_elf_arrival_summoners, layout_geoelf_octagon, serial_shops,
          nicolae_shop_pleasant_corner_grove, hellmonk_ghost_happy_afterlife,
          minmay_elf_sorcery, patterned_corridor, minmay_shoptagon
Elf:2:    elven_hall_of_blades_hangedman_alternative [nicolae_blade_bullseye],
          layout_geoelf_grid
Elf:3:    minmay_elf_hall_furrowed, layout_geoelf_castle, serial_shops,
          nicolae_shop_trees, grunt_ministairs_6, minmay_fountain_box
Vaults:1: ebering_ghost_inner_flame, hangedman_vaults_stretched_pinwheel,
          nicolae_vaults_closet_pinwheel_1, nicolae_vaults_hexular_roomagon,
          nicolae_vaults_house_3, v_misc_8, nicolae_vaults_variable_pillar_hall,
          hangedman_vaults_river_flow, nicolae_vaults_little_squares_4,
          nicolae_vaults_double_plus_1, layout_vaults_ring, serial_shops, shop
Vaults:2: nicolae_vaults_angled_halls, minmay_crypt_entry_necro_gods, v_misc_25,
          vaults_dpeg_ring, v_alt_pattern_1, nicolae_vaults_circle_grid_b,
          hangedman_vaults_corner_blocks, v_misc_12,
          nicolae_vaults_angled_halls, ontoclasm_vaults_shuriken,
          nicolae_vaults_wine_cellar, vaults_dpeg_encased_lava,
          nicolae_vaults_two_Ls, nicolae_vaults_frosty_reception,
          nicolae_vaults_trapezoid_2, nicolae_vaults_three_branches,
          nicolae_vaults_apartment_1, nicolae_vaults_tetromino_L_1,
          vaults_room_pools, layout_vaults_omnicross
Vaults:3: nicolae_vaults_alarming, v_rooms_2, ontoclasm_vaults_pinch,
          v_alt_pattern_6, v_pattern_1, nicolae_vaults_tetromino_L_2,
          st_diamondy, ontoclasm_vaults_idyll, nicolae_vaults_little_squares_1,
          nicolae_vaults_ninety_degrees, hangedman_vaults_snaps,
          layout_vaults_maze
Vaults:4: nicolae_vaults_big_angled_halls, vaults_room_octagon,
          nicolae_vaults_surprise_closet_hard, nicolae_vaults_diamond_1,
          serial_ice_h, dpeg_vaults_monster_box,
          nicolae_vaults_yaktaur_gun_rack, vaults_room_hallway,
          layout_vaults_omnigrid, uniq_margery, uniq_frederick, uniq_mennas

Skill      XL: |  1  2  3  4  5  6  7  8  9 10 11 12 13 14 15 16 17 18 19 |
---------------+----------------------------------------------------------+-----
Fighting       | 1 2 3 4 5 6 7 8 9 10 11 13 | 13.8
Dodging        | 3 4 5 6 7 9 10 11 12 13 14 16 17 | 17.6
Spellcasting   | 3 4 5 7 9 10 11 12 13 14 17 | 17.8
Stealth        | 5 6 7 8 10 11 12 13 14 15 16 19 18 | 19.4
Unarmed Combat | 2 3 4 5 6 7 8 9 10 11 13 | 13.7
Hexes          | 5 6 7 8 10 12 14 15 16 18 19 21 26 24 | 26.1
Summonings     | 2 4 5 |  5.0
Transmutations | 3 4 5 |  5.0
Ice Magic      | 1 2 4 |  4.0
Air Magic      | 2 5 6 7 |  7.0

Action                     |  1- 3 |  4- 6 |  7- 9 | 10-12 | 13-15 | 16-18 | 19-21 || total
---------------------------+-------+-------+-------+-------+-------+-------+-------++-------
  Melee: Unarmed           |   153 |   112 |   273 |   370 |   685 |   677 |   118 ||  2388
         Bite              |    12 |    18 |    27 |    43 |    90 |    92 |    10 ||   292
         Punch             |       |     3 |     5 |    20 |    40 |    51 |     8 ||   127
   Cast: Ensorcelled Hiber |     3 |    19 |    70 |   225 |   241 |   189 |     7 ||   754
         Confusing Touch   |       |     3 |    15 |    25 |    68 |     5 |       ||   116
         Tukima's Dance    |       |     1 |    28 |    44 |    94 |    25 |       ||   192
         Summon Guardian G |       |       |       |    22 |    25 |       |       ||    47
         Yara's Violent Un |       |       |       |     2 |    14 |    35 |     9 ||    60
         Enfeeble          |       |       |       |     1 |    26 |   184 |    38 ||   249
         Discord           |       |       |       |       |    10 |    82 |     8 ||   100
         Airstrike         |       |       |       |       |       |   114 |    21 ||   135
         Summon Mana Viper |       |       |       |       |       |    41 |    15 ||    56
 Invoke: Shadow Step       |       |       |       |       |     5 |     2 |       ||     7
  Evoke: Wand              |       |       |       |     6 |     2 |     6 |       ||    14
         Lightning rod     |       |       |       |     2 |     1 |       |       ||     3
    Use: Scroll            |       |       |     8 |     8 |    15 |    12 |     1 ||    44
         Potion            |       |       |       |     2 |     1 |    26 |     4 ||    33
   Stab: Sleeping          |    12 |    18 |    55 |   138 |   235 |   192 |    24 ||   674
         Confused          |       |     3 |     8 |    20 |    51 |     3 |       ||    85
         Distracted        |       |     2 |       |     2 |     3 |    11 |     2 ||    20
         Invisible         |       |       |       |     1 |    14 |   114 |    16 ||   145
         Petrified         |       |       |       |       |     2 |       |       ||     2
 Armour: Skin              |    27 |    18 |    44 |    38 |    25 |    12 |     5 ||   169
  Dodge: Dodged            |   127 |    79 |   271 |   458 |   754 |   719 |   136 ||  2544
